 Dungeon Crawl Stone Soup version 0.20.1-1-g8b1a95d (webtiles) character file.

27 Kingsmith the Firebug (level 2, -1/19 HPs)
             Began as a Mummy Fire Elementalist on Dec 10, 2017.
             Slain by a hobgoblin
             ... wielding a +0 club
              (3 damage)
             ... on level 1 of the Dungeon.
             The game lasted 00:02:04 (1074 turns).

Kingsmith the Firebug (Mummy Fire Elementalist)     Turns: 1074, Time: 00:02:05

Health: -1/19      AC:  3    Str: 11    XL:     2   Next: 93%
Magic:  1/5        EV: 12    Int: 14    God:
Gold:   39         SH:  0    Dex: 12    Spells: 3/6 levels left

rFire    x . .     SeeInvis .   c - +0 short sword
rCold    + . .     Gourm    .   (no shield)
rNeg     + + +     Faith    .   a - +0 robe
rPois    ∞         Spirit   .   (no helmet)
rElec    .         Reflect  .   (no cloak)
rCorr    .         Harm     .   (no gloves)
MR       .....                  e - +0 pair of boots
Stlth    ++........             (no amulet)
Regen    0.1/turn               (no ring)
MPRegen  0.1/turn               (no ring)

@: very slightly contaminated
A: no food or potions, fire vulnerability, cold resistance 1, negative energy
resistance 3, torment resistance, unbreathing
a: no special abilities


You were on level 1 of the Dungeon.
You were not hungry.

You visited 1 branch of the dungeon, and saw 2 of its levels.

You collected 39 gold pieces.

Inventory:

Hand Weapons
 c - a +0 short sword (weapon)
Armour
 a - a +0 robe (worn)
 e - a +0 pair of boots (worn)
Scrolls
 d - a scroll of identify
 f - a scroll of remove curse
Books
 b - a book of Flames

   Spells                             Type                      Level
   a - Flame Tongue                   Conjuration/Fire             1
   b - Throw Flame                    Conjuration/Fire             2
   c - Conjure Flame                  Conjuration/Fire             3
   d - Inner Flame                    Hexes/Fire                   3
   e - Sticky Flame                   Conjuration/Fire             4
   f - Fireball                       Conjuration/Fire             5


   Skills:
 - Level 1.5 Dodging
 - Level 1.5 Stealth
 - Level 2.6 Spellcasting
 - Level 0.7 Conjurations
 + Level 3.4 Fire Magic


You had 3 spell levels left.
You knew the following spells:

 Your Spells              Type           Power        Failure   Level  Hunger
a - Flame Tongue          Conj/Fire      #....        10%         1    N/A
b - Throw Flame           Conj/Fire      #.....       14%         2    N/A

Dungeon Overview and Level Annotations

Branches:
Dungeon (2/15)

Altars:


Innate Abilities, Weirdness & Mutations

You do not eat or drink.
Your flesh is vulnerable to fire.
You are immune to poison.
Your flesh is cold resistant. (rC+)
You are immune to negative energy. (rN+++)
You are immune to unholy pain and torment.
You can survive without breathing.


Message History

Sparks fly from your hands! The quokka bites you. The quokka bites you.
* * * LOW HITPOINT WARNING * * *
The hobgoblin misses you.
You climb upwards.
There is a stone staircase leading down here.
As you read the scroll labeled LASOTA DOFRAPH, it crumbles to dust.
It is a scroll of identify.
f - a scroll of remove curse The quokka bites you.
* * * LOW HITPOINT WARNING * * *
The hobgoblin barely misses you.
Casting: Flame Tongue
Confirm with . or Enter, or press ? or * to list all spells.
You don't have enough magic to cast that spell.
You hit the quokka.
You kill the quokka!
The hobgoblin hits you but does no damage.
The hobgoblin hits you with a club.
You die...

#.........# #.#######.# #.### #.#
#######...### #.# #...........#
#.# #.#####...#.###.#
###.##.........##.# #####
..÷............##g# #....
###.##..........@># #.### #
#.#####...#.##### #.# # #.#
#...#.# #.# #.#
#.....###############.#
##.########................#.##
#.#.........#.###.............##
##.#####.##..## #.###.........#.
#########.##...###.....#.......#.
..........#.....##.............#.


You could see a hobgoblin.

Vanquished Creatures
  A worm (D:2)
  4 bats (D:1)
  A giant cockroach (D:1)
  3 goblins (D:1)
  3 hobgoblins (D:1)
  A quokka (D:1)
  3 frilled lizards (D:1)
  4 kobolds
  5 rats (D:1)
25 creatures vanquished.

Notes
Turn   | Place    | Note
-------+----------+-------------------------------------------
     0 | D:1      | Kingsmith the Mummy Fire Elementalist began the quest for the Orb.
     0 | D:1      | Reached XP level 1. HP: 13/13 MP: 4/4
   276 | D:1      | Reached XP level 2. HP: 16/19 MP: 3/5
   279 | D:1      | Reached skill level 3 in Fire Magic
   340 | D:1      | Learned a level 2 spell: Throw Flame
  1074 | D:1      | Slain by a hobgoblin

Skill      XL: |  1  2 |
---------------+-------+-----
Fire Magic     | 3 |  3.4
Dodging        | |  1.5
Stealth        | |  1.5
Spellcasting   | |  2.6
Conjurations   | |  0.7

Action                   || total
-------------------------++-------
Melee: Short sword       ||    28
 Cast: Flame Tongue      ||    34
       Throw Flame       ||     1
  Use: Scroll            ||     1
 Stab: Sleeping          ||     2
Armor: Robe              ||    16
Dodge: Dodged            ||    36
